 Dungeon Crawl Stone Soup version 0.31-a0-667-g3972659 (webtiles) character file.

Game seed: 3190551880801181502

22294 Rogue the Spear-Bearer (level 12, -1/147 HPs)
             Began as a Gnoll Chaos Knight on Sept 2, 2023.
             Was a Plaything of Xom.
             Slain by a skyshark (11 damage)
             ... on level 3 of the Lair of Beasts on Sept 3, 2023.
             The game lasted 02:25:37 (14711 turns).

Rogue the Spear-Bearer (Gnoll Chaos Knight)        Turns: 14711, Time: 02:25:40

Health: -1/147     AC: 26    Str: 15    XL:     12   Next: 99%
Magic:  15/23      EV:  2    Int:  8    God:    Xom [..*...]
Gold:   726        SH:  0    Dex: 17    Spells: 6/26 levels left

rFire   . . .        a - +2 spear (chaos)
rCold   . . .        W - +0 buckler
rNeg    . . .        g - melded +0 ring mail {rN+}
rPois   +            F - melded +2 helmet
rElec   .            i - melded +1 cloak
rCorr   .            (gloves currently unavailable)
SInv    .            o - melded +1 pair of boots
Will    .....        f - amulet of reflection
Stlth   ++           V - +4 ring of slaying
HPRegen 0.44/turn    y - +5 ring of evasion
MPRegen 0.18/turn

%: reflection
@: confused, tree-form, ambrosia-drunk, wereblooded
A: stationary, stasis, torment immunity, boosted hp, (fangs 1), strong nose,
distributed training, (claws 1), agile 1, dopey 1, mutation resistance 1,
(shaggy fur 1), (sturdy frame 1)
a: Renounce Religion


You were on level 3 of the Lair of Beasts.
You worshipped Xom.
You were a toy of Xom.
You were a tree.
You visited 3 branches of the dungeon, and saw 14 of its levels.
You also visited: Sewer, Ossuary and Bailey.

You collected 726 gold pieces.

Inventory:

Hand Weapons
 a - a +2 spear of chaos (weapon)
 s - a +0 sling of flaming
 S - the +7 rapier of Huull {freeze, rPois rCorr Dex+2}
   (You found it on level 9 of the Dungeon)

   Dex+2:     It affects your dexterity (+2).
   rPois:     It protects you from poison rCorr: It protects you from acid and
   corrosion.
 Z - a +7 eveningstar
Missiles
 p - 2 curare-tipped darts
 r - 4 silver javelins (quivered)
 x - 2 throwing nets
 E - 32 poisoned darts
Armour
 g - a +0 ring mail of positive energy (melded)
 i - a +1 cloak (melded)
 j - a +1 chain mail of fire resistance
 o - a +1 pair of boots (melded)
 t - a +2 robe of cold resistance
 u - a +2 robe of willpower
 w - +0 steam dragon scales
 F - a +2 helmet (melded)
 W - a +0 buckler (worn)
Magical Staves
 Y - the staff "Xuschu" {rC+ Conj}
   (You found it on level 9 of the Dungeon)

   [staff of conjuration]

   Base accuracy: +5 Base damage: 5 Base attack delay: 1.2 This weapon's minimum
   attack delay (0.6) is reached at skill level 12.
   rC+:       It protects you from cold.
   Conj:      It increases the power of your Conjurations spells.
   It falls into the 'Staves' category.
   It is a one-handed weapon.
Jewellery
 f - an amulet of reflection (around neck)
 y - a +5 ring of evasion (right branch)
 H - a ring of see invisible
 I - a ring of magical power
 K - a ring of flight
 N - an amulet of magic regeneration
 P - a +6 ring of intelligence
 V - a +4 ring of slaying (left branch)
Talismans
 U - a blade talisman
 X - a storm talisman
Wands
 v - a wand of flame (19)
 G - a wand of polymorph (12)
 J - a wand of roots (3)
 M - a wand of mindburst (3)
Scrolls
 c - a scroll of butterflies
 d - 3 scrolls of teleportation
 q - 6 scrolls of fear
 A - a scroll of torment {unknown}
 B - a scroll of blinking {unknown}
 D - a scroll of immolation {unknown}
 O - a scroll of poison {unknown}
 T - a scroll of revelation
Potions
 b - a potion of haste
 e - 3 potions of ambrosia
 k - 4 potions of cancellation
 l - a potion of invisibility
 m - 4 potions of curing
 z - 3 potions of brilliance
 C - 4 potions of might
 L - a potion of magic
 Q - a potion of enlightenment
Miscellaneous
 R - a lightning rod (4/4)


   Skills:
 + Level 10.3 Fighting
 + Level 7.9 Short Blades
 + Level 7.9 Long Blades
 + Level 7.9 Axes
 + Level 7.9 Maces & Flails
 + Level 10.3 Polearms
 + Level 7.9 Staves
 + Level 7.9 Ranged Weapons
 + Level 7.9 Throwing
 + Level 9.2 Armour
 + Level 8.4 Dodging
 + Level 7.9 Stealth
 + Level 7.9 Shields
 + Level 7.9 Unarmed Combat
 + Level 7.9 Spellcasting
 + Level 6.6 Conjurations
 + Level 6.6 Hexes
 + Level 6.6 Summonings
 + Level 6.6 Necromancy
 + Level 6.6 Translocations
 + Level 6.6 Transmutations
 + Level 6.6 Fire Magic
 + Level 6.6 Ice Magic
 + Level 6.6 Air Magic
 + Level 6.6 Earth Magic
 + Level 6.6 Poison Magic
 + Level 8.7 Invocations
 + Level 7.9 Evocations
 + Level 7.2 Shapeshifting


You had 6 spell levels left.
You knew the following spells:

 Your Spells              Type           Power      Damage    Failure   Level
c - Wereblood             Tmut           13%        N/A       2%          2
d - Mephitic Cloud        Conj/Pois/Air  13%        N/A       4%          3
e - Ignite Poison         Fire/Tmut/Pois 13%        N/A       4%          3
f - Anguish               Hex/Necr       6%         N/A       16%         4
g - Summon Lightning Spi  Summ/Air       13%        N/A       16%         4
h - Petrify               Tmut/Erth      13%        N/A       16%         4

Your spell library contained the following spells:

 Spells                   Type           Power      Damage    Failure   Level
 Magic Dart               Conj           52%        1d5       1%          1
 Call Imp                 Summ           26%        N/A       2%          2
 Cigotuvi's Dreadful Rot  Necr/Pois/Air  26%        N/A       2%          2
 Ensorcelled Hibernation  Hex/Ice        26%        N/A       2%          2
 Frozen Ramparts          Ice            26%        1d4       4%          3
 Inner Flame              Hex/Fire       13%        N/A       4%          3
 Ozocubu's Armour         Ice            13%        N/A       4%          3
 Volatile Blastmotes      Fire/Tloc      26%        2d12      4%          3
 Fulminant Prism          Conj/Hex       6%         3d7       16%         4
 Iskenderun's Mystic Bla  Conj/Tloc      13%        2d5       16%         4
 Sticky Flame             Conj/Fire      13%        2d4       16%         4
 Vhi's Electric Charge    Tloc/Air       26%        N/A       16%         4
 Irradiate                Conj/Tmut      6%         3d13      41%         5
 Metabolic Englaciation   Hex/Ice        6%         N/A       41%         5
 Ozocubu's Refrigeration  Ice            6%         4d8       100%        7
 Ignition                 Fire           6%         3d4       100%        8


Dungeon Overview and Level Annotations

Branches:
Dungeon (10/15)            Temple (1/1) D:5            Lair (3/5) D:9
    Orc (0/2) D:10          Sewer (visited)         Ossuary (visited)
 Bailey (visited)
  Swamp: Lair:2-3    Shoals: Lair:2-3     Snake: Lair:2-3    Spider: Lair:2-3

Altars:
Ashenzari
Cheibriados
Dithmenos
Elyvilon
Fedhas
Gozag
Hepliaklqana
Kikubaaqudgha
Makhleb
Nemelex Xobeh
Okawaru
Qazlal
Ru
Sif Muna
Trog
Uskayaw
Vehumet
Wu Jian
Xom
Yredelemnul
Zin
The Shining One

Shops:
D:8 [


Innate Abilities, Weirdness & Mutations

You are a tree.
Your roots penetrate the ground, keeping you stationary.
You cannot be teleported.
You are immune to unholy pain and torment.
Your maximum health is greatly increased.
Your equipment is partially melded.
((You have very sharp teeth.))
Your uncanny sense of smell can sniff out nearby items.
Your experience applies equally to all skills.
((You have sharp fingernails.))
You are agile. (Dex +4, Str/Int -1)
You are dopey. (Int -2)
You are somewhat resistant to further mutation.
((You are covered in fur. (AC +1)))
((Your movements are slightly less encumbered by armour. (ER -2)))


Message History

The skyshark bites you.
* * * LOW HITPOINT WARNING * * *
You block the skyshark's attack.
The skyshark tail-slaps you but does no damage.
You hit the skyshark.
The skyshark is severely wounded.
You feel yourself speed up.
The skyshark bites you but does no damage.
The skyshark tail-slaps you but does no damage.
The skyshark completely misses you.
Unknown command.
You hit the skyshark.
The skyshark is severely wounded.
The skyshark bites you!
* * * LOW HITPOINT WARNING * * *
You block the skyshark's attack.
The skyshark tail-slaps you but does no damage.
Being near the torpor snail leaves you feeling lethargic.
You hit the skyshark. Lightning courses through the skyshark!
The skyshark is almost dead.
You creak as the wereblood boils in your veins!
You feel yourself speed up.
The sentinel's mark upon you fades away.
You block the skyshark's attack. The skyshark tail-slaps you!
* * * LOW HITPOINT WARNING * * *
The skyshark tail-slaps you!
* * * LOW HITPOINT WARNING * * *
The skyshark bites you but does no damage.
You block the skyshark's attack.
The skyshark tail-slaps you but does no damage.
Being near the torpor snail leaves you feeling lethargic.
You are confused.
You feel invigorated.
You feel yourself speed up. "The weather's been a little too boring around here."
You are now a toy of Xom.
The skyshark bites you but does no damage.
The skyshark tail-slaps you!
You die...
Xom howls with laughter!

##......... .#..
##.......... ....
####......##... .....
#..........#... .....#
#........#..#.. ......#
##.......#.##..#
......w####8......###.####
..#.....##§......P# ##
.......§l♣§.....###
.......§§§§§....#
..........§§..###
...............#
..............##
..............#
................
................
....P...#......


You could see a skyshark (berserk, very poisoned, ally target), a torpor snail
and a friendly lightning spire (summoned).

Vanquished Creatures
  Snorg (Lair:3)
  Fannar (Lair:2)
  A catoblepas (D:10)
  A tengu warrior (D:9)
  A skyshark (D:10)
  A goliath frog (Lair:2)
  A deep elf pyromancer (D:9)
  A cyclops (D:9)
  4 elephants (Lair:3)
  An orange demon (Lair:2)
  2 cane toads (Lair:1)
  A rime drake (Lair:2)
  3 komodo dragons
  A hornet (D:8)
  3 trolls (D:9)
  A polar bear (Lair:3)
  6 blink frogs
  A wind drake (shapeshifter) (D:8)
  4 nameless horrors
  Sigmund (D:3)
  2 shadows (D:10)
  11 yaks
  A wyvern (D:9)
  2 basilisks (Lair:1)
  A steam dragon (Lair:1)
  3 vampire mosquitoes (D:10)
  8 water moccasins
  Duvessa (D:6)
  An ice beast (D:10)
  Pargi (Sewer)
  6 orc warriors
  A sky beast (Lair:2)
  3 wolves
  2 black bears
  3 centaurs
  An ogre (D:5)
  3 phantoms
  4 kobold brigands
  A gnoll sergeant (D:8)
  8 scorpions
  7 bullfrogs
  4 wights (D:7)
  2 troll zombies (D:10)
  Dowan (D:6)
  10 killer bees
  A howler monkey (D:10)
  7 electric eels (D:9)
  A centaur zombie (Ossuary)
  6 hounds
  7 orc priests
  A sleepcap (D:4)
  Ijyb (D:4)
  2 iguanas
  Natasha (twice) (D:3)
  5 scorpion zombies (Ossuary)
  8 orc wizards
  4 ogre zombies (D:10)
  2 mummies (Ossuary)
  13 gnolls
  3 adders
  A river rat (D:5)
  3 shadow imps (D:7)
  4 worms
  3 dart slugs
  44 orcs
  3 bats
  14 endoplasms
  4 giant cockroaches
  5 goblins
  6 hobgoblins
  16 jackals
  3 quokkas
  14 ball pythons
  5 frilled lizards
  2 gnoll zombies (Ossuary)
  A goblin skeleton (D:10)
  3 hobgoblin skeletons (D:10)
  A hobgoblin zombie (Ossuary)
  20 kobolds
  4 kobold zombies (Ossuary)
  An orc skeleton (D:10)
  11 orc zombies (D:10)
  3 rats
357 creatures vanquished.

Vanquished Creatures (collateral kills)
  A two-headed ogre (D:9)
  Amaemon (Lair:2)
  A guardian serpent (shapeshifter) (D:10)
  A cane toad (Lair:2)
  2 blink frogs (Lair:3)
  3 yaks
  A water moccasin (Lair:3)
  A nameless horror (D:10)
  A wolf (Lair:3)
  A scorpion (Ossuary)
  A wight (D:7)
  A centaur zombie (Ossuary)
  3 orc priests
  Natasha (D:3)
  A scorpion zombie (Ossuary)
  A mummy (Ossuary)
  An adder (D:4)
  A dart slug (D:3)
  4 orcs
  A ball python (D:5)
  A frilled lizard (D:3)
  A goblin skeleton (D:10)
  2 hobgoblin zombies (D:10)
  An orc skeleton (D:10)
  3 orc zombies (D:10)
36 creatures vanquished.

Vanquished Creatures (others)
  A nameless horror (D:10)
  A killer bee (D:8)
2 creatures vanquished.

Grand Total: 395 creatures vanquished

Notes
Turn   | Place    | Note
-------+----------+-------------------------------------------
     0 | D:1      | Rogue the Gnoll Chaos Knight began the quest for the Orb.
     0 | D:1      | Reached XP level 1. HP: 23/23 MP: 1/1
    58 | D:1      | Reached XP level 2. HP: 29/29 MP: 2/2
   317 | D:1      | Reached XP level 3. HP: 35/35 MP: 3/3
   757 | D:2      | XOM: divination: magic mapping
   770 | D:2      | Reached skill level 1 in Invocations
   863 | D:2      | XOM: silly message
   911 | D:2      | Learned a level 1 spell: Magic Dart
   914 | D:2      | Learned a level 2 spell: Call Imp
   979 | D:2      | Reached skill level 1 in Short Blades
   979 | D:2      | Reached skill level 1 in Long Blades
   979 | D:2      | Reached skill level 1 in Axes
   979 | D:2      | Reached skill level 1 in Maces & Flails
   979 | D:2      | Reached skill level 1 in Staves
   979 | D:2      | Reached skill level 1 in Ranged Weapons
   979 | D:2      | Reached skill level 1 in Throwing
   979 | D:2      | Reached skill level 1 in Stealth
   979 | D:2      | Reached skill level 1 in Shields
   979 | D:2      | Reached skill level 1 in Unarmed Combat
   979 | D:2      | Reached skill level 1 in Spellcasting
   979 | D:2      | Reached skill level 1 in Evocations
  1336 | D:3      | Noticed Sigmund
  1347 | D:3      | XOM: silly message
  1374 | D:3      | Killed Sigmund
  1375 | D:3      | Reached skill level 1 in Conjurations
  1375 | D:3      | Reached skill level 1 in Hexes
  1375 | D:3      | Reached skill level 1 in Summonings
  1375 | D:3      | Reached skill level 1 in Necromancy
  1375 | D:3      | Reached skill level 1 in Translocations
  1375 | D:3      | Reached skill level 1 in Transmutations
  1375 | D:3      | Reached skill level 1 in Fire Magic
  1375 | D:3      | Reached skill level 1 in Ice Magic
  1375 | D:3      | Reached skill level 1 in Air Magic
  1375 | D:3      | Reached skill level 1 in Earth Magic
  1375 | D:3      | Reached skill level 1 in Poison Magic
  1375 | D:3      | Reached skill level 1 in Shapeshifting
  1375 | D:3      | Reached XP level 4. HP: 21/41 MP: 4/6
  1375 | D:3      | Reached XP level 5. HP: 25/47 MP: 4/7
  1480 | D:3      | XOM: silly message
  1484 | D:3      | Learned a level 2 spell: Wereblood
  1484 | D:3      | Noticed Natasha
  1495 | D:3      | Killed Natasha
  1496 | D:3      | Reached XP level 6. HP: 48/53 MP: 8/8
  1628 | D:3      | Reached skill level 5 in Armour
  1695 | D:3      | Noticed Natasha
  1704 | D:3      | Killed Natasha
  1728 | D:3      | XOM: divination: detect creatures
  1790 | D:3      | Noticed Natasha
  1790 | D:3      | XOM: 1-stop teleportation journey
  1797 | D:3      | Killed Natasha
  2004 | D:3      | XOM: silly message
  2282 | D:3      | XOM: silly message
  2413 | D:4      | Found a sand-covered staircase.
  2424 | Ossuary  | Entered an ossuary
  2463 | Ossuary  | Reached XP level 7. HP: 60/60 MP: 7/10
  2467 | Ossuary  | Learned a level 3 spell: Mephitic Cloud
  2598 | Ossuary  | XOM: divination: detect creatures
  2604 | Ossuary  | XOM: potion effect (magic)
  2621 | Ossuary  | XOM: divination: magic mapping
  2731 | Ossuary  | Reached XP level 8. HP: 67/67 MP: 9/12
  2845 | Ossuary  | XOM: confuse monster(s)
  3067 | D:4      | XOM: divination: detect items
  3135 | D:4      | XOM: scenery: create altars
  3489 | D:4      | XOM: divination: magic mapping
  3506 | D:4      | XOM: god gift: 47 gold pieces
  3508 | D:4      | Noticed Robin
  3512 | D:4      | Noticed Ijyb
  3524 | D:4      | Robin changed into Robin the kobold
  3524 | D:4      | Noticed Robin
  3524 | D:4      | XOM: polymorph Robin -> Robin the kobold
  3525 | D:4      | Killed Robin the kobold
  3623 | D:4      | Killed Ijyb
  3945 | D:5      | Entered Level 5 of the Dungeon
  3976 | D:5      | Found a sacrificial altar of Ru.
  4016 | D:5      | Found a glowing drain.
  4026 | Sewer    | Entered a sewer
  4031 | Sewer    | Learned a level 3 spell: Ignite Poison
  4116 | Sewer    | Noticed Pargi
  4126 | Sewer    | Killed Pargi
  4218 | D:5      | XOM: silly message
  4357 | D:5      | Found a staircase to the Ecumenical Temple.
  4362 | Temple   | Entered the Ecumenical Temple
  4807 | D:5      | XOM: divination: detect items
  4974 | D:5      | XOM: divination: detect creatures
  5128 | D:6      | XOM: stealth player
  5161 | D:6      | XOM: divination: detect items
  5177 | D:6      | Reached XP level 9. HP: 73/73 MP: 14/14
  5413 | D:6      | XOM: noise
  5425 | D:6      | Noticed Duvessa
  5439 | D:6      | Noticed Dowan
  5450 | D:6      | Killed Dowan
  5463 | D:6      | Killed Duvessa
  5543 | D:6      | XOM: god gift: runed ring mail {god gift}
  5604 | D:6      | Reached skill level 5 in Dodging
  5665 | D:6      | Found a burning altar of Makhleb.
  5698 | D:6      | Found a snail-covered altar of Cheibriados.
  5798 | D:6      | XOM: polymorph cerulean imp -> shadow imp
  5832 | D:6      | XOM: give mutations
  5832 | D:6      | Gained mutation: Your movements are slightly less
                  | encumbered by armour. (ER -2) [Xom's grace]
  5832 | D:6      | Gained mutation: You are agile. (Dex +4, Str/Int -1) [Xom's
                  | grace]
  5951 | D:6      | Found a shimmering blue altar of Sif Muna.
  6094 | D:6      | Found a blossoming altar of Fedhas.
  6296 | D:7      | Found a flagged portal.
  6316 | Bailey   | Entered a bailey
  6430 | Bailey   | XOM: 3-stop teleportation journey
  6911 | D:7      | XOM: 2-stop teleportation journey
  7013 | D:7      | XOM: swap monsters
  7050 | D:7      | Reached skill level 5 in Invocations
  7139 | D:7      | XOM: 6-stop teleportation journey
  7557 | D:8      | XOM: give mutations
  7557 | D:8      | Gained mutation: You are somewhat resistant to further
                  | mutation. [Xom's mischief]
  7557 | D:8      | Gained mutation: Your magical capacity is low. (-10% MP)
                  | [Xom's mischief]
  7557 | D:8      | Gained mutation: You occasionally lose the ability to read
                  | scrolls when taking damage. [Xom's mischief]
  7557 | D:8      | Lost mutation: Your magical capacity is low. (-10% MP)
                  | [Xom's mischief]
  7559 | D:8      | Found a hide-covered altar of Uskayaw.
  7585 | D:8      | Got the Atlas of the Summer and Lightning
  7750 | D:8      | XOM: confusion
  7771 | D:8      | XOM: give mutations
  7771 | D:8      | Gained mutation: You are covered in fur. (AC +1) [Xom's
                  | grace]
  7771 | D:8      | Gained mutation: You have sharp fingernails. [Xom's grace]
  7772 | D:8      | XOM: swap monsters
  7860 | D:8      | Learned a level 4 spell: Anguish
  7920 | D:8      | Reached XP level 10. HP: 80/80 MP: 15/17
  7930 | D:8      | XOM: potion effect (haste)
  7985 | D:8      | Reached skill level 5 in Short Blades
  7985 | D:8      | Reached skill level 5 in Long Blades
  7985 | D:8      | Reached skill level 5 in Axes
  7985 | D:8      | Reached skill level 5 in Maces & Flails
  7985 | D:8      | Reached skill level 5 in Staves
  7985 | D:8      | Reached skill level 5 in Ranged Weapons
  7985 | D:8      | Reached skill level 5 in Throwing
  7985 | D:8      | Reached skill level 5 in Stealth
  7985 | D:8      | Reached skill level 5 in Shields
  7985 | D:8      | Reached skill level 5 in Unarmed Combat
  7985 | D:8      | Reached skill level 5 in Spellcasting
  7985 | D:8      | Reached skill level 5 in Evocations
  8035 | D:8      | XOM: give mutations
  8035 | D:8      | Lost mutation: You occasionally lose the ability to read
                  | scrolls when taking damage. [Xom's mischief]
  8035 | D:8      | Gained mutation: You are covered in thick fur. (AC +2)
                  | [Xom's mischief]
  8303 | D:8      | XOM: polymorph killer bee -> shapeshifter
  8307 | D:8      | XOM: enchant monster (bad)
  8312 | D:8      | XOM: chaos cloud
  8641 | D:8      | Found Venera's Dragon-Slaying Spoils.
  8897 | D:9      | HP: 3/82 [electric eel/bolt of electricity (14)]
  9016 | D:8      | XOM: give mutations
  9016 | D:8      | Gained mutation: You are dopey. (Int -2) [Xom's mischief]
  9016 | D:8      | Lost mutation: You are covered in thick fur. (AC +2) [Xom's
                  | mischief]
  9151 | D:9      | XOM: 4-stop teleportation journey
  9320 | D:9      | XOM: polymorph killer bee -> hound
  9327 | D:9      | Noticed a tengu warrior
  9340 | D:9      | XOM: silly message
  9344 | D:9      | Killed a tengu warrior
  9360 | D:9      | Reached skill level 5 in Shapeshifting
  9368 | D:9      | XOM: noise
  9383 | D:9      | Noticed a deep elf pyromancer
  9493 | D:9      | XOM: silly message
  9548 | D:9      | XOM: noise
  9569 | D:9      | XOM: noise
  9575 | D:9      | XOM: potion effect (haste)
  9593 | D:9      | XOM: cast spell 'Leda's Liquefaction'
  9757 | D:9      | Noticed a two-headed ogre
  9766 | D:9      | Noticed a cyclops
  9768 | D:9      | XOM: confuse monster(s)
  9769 | D:9      | XOM: confuse monster(s)
  9774 | D:9      | Killed a two-headed ogre
  9775 | D:9      | Reached XP level 11. HP: 81/87 MP: 19/19
  9789 | D:9      | XOM: butterfly on damage
  9797 | D:9      | Killed a cyclops
  9798 | D:9      | Reached skill level 5 in Conjurations
  9798 | D:9      | Reached skill level 5 in Hexes
  9798 | D:9      | Reached skill level 5 in Summonings
  9798 | D:9      | Reached skill level 5 in Necromancy
  9798 | D:9      | Reached skill level 5 in Translocations
  9798 | D:9      | Reached skill level 5 in Transmutations
  9798 | D:9      | Reached skill level 5 in Fire Magic
  9798 | D:9      | Reached skill level 5 in Ice Magic
  9798 | D:9      | Reached skill level 5 in Air Magic
  9798 | D:9      | Reached skill level 5 in Earth Magic
  9798 | D:9      | Reached skill level 5 in Poison Magic
  9941 | D:9      | Identified the +7 rapier of Huull {freeze, rPois rCorr
                  | Dex+2}
 10034 | D:9      | XOM: divination: magic mapping
 10092 | D:9      | Found a staircase to the Lair.
 10172 | D:9      | Killed a deep elf pyromancer
 10426 | D:9      | XOM: noise
 10540 | D:9      | XOM: smoke on damage
 10838 | D:9      | XOM: divination: detect items
 10851 | D:9      | XOM: divination: detect creatures
 10933 | D:9      | Identified the staff "Xuschu" {rC+ Conj}
 10970 | D:9      | Upgraded the game from 0.31-a0-664-g902f515 to
                  | 0.31-a0-667-g3972659
 10971 | D:10     | Entered Level 10 of the Dungeon
 11011 | D:10     | XOM: divination: detect items
 11029 | D:10     | Learned a level 4 spell: Summon Lightning Spire
 11043 | D:10     | Noticed Urug
 11046 | D:10     | Urug changed into Urug the wind drake
 11046 | D:10     | Noticed Urug
 11057 | D:10     | Urug the wind drake changed into Urug the glowing
                  | shapeshifter
 11057 | D:10     | Noticed Urug (glowing shapeshifter)
 11057 | D:10     | Urug the glowing shapeshifter changed into Urug the glowing
                  | orange brain
 11057 | D:10     | Noticed Urug (glowing shapeshifter)
 11062 | D:10     | Urug the glowing orange brain changed into Urug the
                  | snapping turtle
 11062 | D:10     | Noticed Urug (glowing shapeshifter)
 11066 | D:10     | Urug the snapping turtle changed into Urug the elephant
 11066 | D:10     | Noticed Urug (glowing shapeshifter)
 11074 | D:10     | Urug the elephant changed into Urug the skyshark
 11074 | D:10     | Noticed Urug (glowing shapeshifter)
 11075 | D:10     | Urug the skyshark changed into Urug the moth of wrath
 11075 | D:10     | Noticed Urug (glowing shapeshifter)
 11077 | D:10     | XOM: summons 2 friendly demons
 11079 | D:10     | Urug the moth of wrath changed into Urug the guardian
                  | serpent
 11079 | D:10     | Noticed Urug (glowing shapeshifter)
 11083 | D:10     | Killed Urug the guardian serpent
 11145 | D:10     | Noticed a catoblepas
 11179 | D:10     | XOM: polymorph cerulean imp -> shadow imp
 11182 | D:10     | XOM: summons 6 hostile demons
 11201 | D:10     | XOM: repel stairs
 11248 | D:10     | Found an iron altar of Okawaru.
 11445 | D:9      | XOM: summons 6 hostile demons
 11669 | D:10     | Noticed a nameless horror
 11670 | D:10     | XOM: enchant monster (bad)
 11692 | D:10     | Noticed a two-headed ogre
 11693 | D:10     | XOM: enchant monster (good)
 11696 | D:10     | a two-headed ogre changed into a skyshark
 11696 | D:10     | Noticed a skyshark
 11704 | D:10     | XOM: 2-stop teleportation journey
 11712 | D:10     | XOM: enchant monster (good)
 11860 | D:10     | XOM: fog
 11883 | D:10     | Killed a nameless horror
 11883 | D:10     | XOM: divine lightning
 11985 | D:10     | Found a staircase to the Orcish Mines.
 12050 | D:10     | Killed a catoblepas
 12062 | D:10     | Killed a skyshark
 12290 | D:10     | XOM: scenery: create altars
 12633 | Lair:1   | Entered Level 1 of the Lair of Beasts
 12680 | Lair:1   | XOM: scenery: create altars
 12687 | Lair:1   | XOM: summons friendly ufetubus
 12694 | Lair:1   | XOM: cast spell 'Summon Cactus Giant'
 12740 | Lair:1   | XOM: torment (22/89 hp)
 12789 | Lair:1   | XOM: 3-stop teleportation journey
 12810 | Lair:1   | XOM: confusion (+ monsters)
 12828 | Lair:1   | Reached XP level 12. HP: 43/97 MP: 22/22
 12833 | Lair:1   | Learned a level 4 spell: Petrify
 13067 | Lair:1   | XOM: scenery: create altars
 13099 | Lair:1   | XOM: summons 2 friendly demons
 13110 | Lair:1   | XOM: smoke on damage
 13423 | Lair:1   | XOM: scenery: create altars
 13438 | Lair:1   | XOM: scenery: summon butterflies
 13671 | Lair:1   | XOM: scenery: summon butterflies
 13768 | Lair:2   | XOM: polymorph water moccasin -> sky beast
 13799 | Lair:2   | Noticed a five-headed hydra
 13804 | Lair:2   | a five-headed hydra changed into a goliath frog
 13814 | Lair:2   | XOM: scenery: create altars
 13830 | Lair:2   | Noticed Fannar
 13842 | Lair:2   | XOM: cast spell 'Disjunction'
 13848 | Lair:2   | XOM: snakes to sticks
 13860 | Lair:2   | XOM: confuse monster(s)
 13864 | Lair:2   | Killed Fannar
 13865 | Lair:2   | Reached skill level 10 in Fighting
 13865 | Lair:2   | Reached skill level 10 in Polearms
 14235 | Lair:2   | Noticed Amaemon
 14242 | Lair:2   | XOM: confusion (+ monsters)
 14250 | Lair:2   | Killed Amaemon
 14441 | Lair:3   | XOM: blink monster(s)
 14442 | Lair:3   | XOM: summons 12 friendly demons
 14494 | Lair:3   | Noticed Snorg
 14513 | Lair:3   | XOM: scenery: summon butterflies
 14530 | Lair:3   | XOM: summons 3 friendly demons
 14532 | Lair:3   | Killed Snorg
 14684 | Lair:3   | Noticed a skyshark
 14710 | Lair:3   | HP: 5/147 [skyshark (8)]
 14711 | Lair:3   | XOM: fog
 14711 | Lair:3   | Slain by a skyshark

Illustrated notes

Levels and vault maps discovered:
D:1:      dpeg_arrival_connections, layout_loops_cross
D:2:      layout_rooms
D:3:      layout_basic, uniq_natasha, uniq_sigmund
D:4:      layout_basic, serial_curves, eino_curves_01, eino_curves_03,
          nicolae_ossuary_entry_monument, nicolae_goblin_pals
D:5:      layout_basic, mainiacjoe_overflow_boulevard,
          minmay_temple_entry_trees, cheibrodos_sewer_entry_sluice
D:6:      layout_basic, mainiacjoe_overflow_surrounded_room, marbit_many_paths,
          cheibriados_altar_1, kennysheep_mini_moat, uniq_duvessa
D:7:      layout_basic, enter_bailey_2
D:8:      layout_cave_pods, kennysheep_mini, nicolae_shop_dragon_depot,
          nrook_mini_vaults, nicolae_titane
D:9:      layout_irregular_city, erik_lair_island, minmay_diamond_spiral
D:10:     layout_grid_maze, lemuel_crystal_altar, zombieorc2_lemuel,
          amcnicky_mini_pool_small, minivault_19, grunt_ministairs_4,
          kennysheep_generic_room_12, uniq_urug
Temple:   eino_wide_crystal_templ
Lair:1:   wander_river, layout_gridlike, grunt_megastairs_3,
          infiniplex_staircase_pool
Lair:2:   layout_cave_shapes, uniq_amaemon, uniq_fannar
Lair:3:   layout_hall_layers, elwin_shoals_entry_rocks, dummy_spider_entry,
          basic_altar, dpeg_oklob_1, uniq_snorg

Skill      XL: |  1  2  3  4  5  6  7  8  9 10 11 12 |
---------------+-------------------------------------+-----
Invocations    | 2 3 4 5 6 7 8 |  8.7
Short Blades   | 1 2 3 4 5 7 |  7.9
Long Blades    | 1 2 3 4 5 7 |  7.9
Axes           | 1 2 3 4 5 7 |  7.9
Maces & Flails | 1 2 3 4 5 7 |  7.9
Staves         | 1 2 3 4 5 7 |  7.9
Ranged Weapons | 1 2 3 4 5 7 |  7.9
Throwing       | 1 2 3 4 5 7 |  7.9
Stealth        | 1 2 3 4 5 7 |  7.9
Shields        | 1 2 3 4 5 7 |  7.9
Unarmed Combat | 1 2 3 4 5 7 |  7.9
Spellcasting   | 1 2 3 4 5 7 |  7.9
Evocations     | 1 2 3 4 5 7 |  7.9
Dodging        | 3 4 5 6 7 8 |  8.4
Conjurations   | 1 2 3 4 5 6 |  6.6
Hexes          | 1 2 3 4 5 6 |  6.6
Summonings     | 1 2 3 4 5 6 |  6.6
Necromancy     | 1 2 3 4 5 6 |  6.6
Translocations | 1 2 3 4 5 6 |  6.6
Transmutations | 1 2 3 4 5 6 |  6.6
Fire Magic     | 1 2 3 4 5 6 |  6.6
Ice Magic      | 1 2 3 4 5 6 |  6.6
Air Magic      | 1 2 3 4 5 6 |  6.6
Earth Magic    | 1 2 3 4 5 6 |  6.6
Poison Magic   | 1 2 3 4 5 6 |  6.6
Shapeshifting  | 1 2 3 4 5 6 7 |  7.2
Armour         | 5 6 7 8 9 |  9.2
Fighting       | 7 8 9 10 | 10.3
Polearms       | 7 8 9 10 | 10.3

Action                     |  1- 3 |  4- 6 |  7- 9 | 10-12 || total
---------------------------+-------+-------+-------+-------++-------
  Melee: Spear             |   142 |   127 |   566 |   807 ||  1642
         Bite              |    16 |    11 |    56 |   103 ||   186
         Punch             |       |     3 |    18 |    10 ||    31
  Throw: Boomerang         |     5 |       |     3 |       ||     8
         Dart              |       |       |     7 |    14 ||    21
         Javelin           |       |       |       |    15 ||    15
         Throwing net      |       |       |       |     1 ||     1
   Cast: Magic Dart        |     2 |     1 |    40 |    22 ||    65
         Call Imp          |     1 |     9 |    35 |    16 ||    61
         Wereblood         |       |     2 |    15 |    13 ||    30
         Mephitic Cloud    |       |       |    31 |    57 ||    88
         Ignite Poison     |       |       |     5 |     3 ||     8
         Summon Lightning  |       |       |       |    21 ||    21
         Anguish           |       |       |       |     3 ||     3
         Petrify           |       |       |       |     4 ||     4
  Evoke: Wand              |       |       |     7 |    31 ||    38
         Lightning rod     |       |       |       |     8 ||     8
    Use: Potion            |     1 |       |     1 |    20 ||    22
         Scroll            |       |     3 |    11 |    14 ||    28
   Stab: Invisible         |     3 |       |       |     8 ||    11
         Distracted        |       |     2 |     3 |    11 ||    16
         Confused          |       |     2 |    37 |    52 ||    91
         Sleeping          |       |     1 |     9 |     2 ||    12
         Petrified         |       |       |    10 |    24 ||    34
         Petrifying        |       |       |     4 |     2 ||     6
         Paralysed         |       |       |     3 |     3 ||     6
         Held in net/web   |       |       |       |     2 ||     2
 Armour: Leather armour    |    42 |    61 |   113 |       ||   216
         Ring mail         |       |       |    37 |   239 ||   276
         Skin              |       |       |       |    29 ||    29
  Dodge: Dodged            |    46 |    64 |   250 |   451 ||   811
  Block: Buckler           |       |       |       |   141 ||   141

Table legend: (Time is in decaauts)
 A = Elapsed time spent in this place.
 B = Non-inter-level travel time spent in this place.
 C = Inter-level travel time spent in this place.
 D = Time resting spent in this place.
 E = Time spent auto-exploring this place.
 F = Levels seen in this place.
 G = Mean time per level.
                   A        B        C        D        E       F      G
               +--------+--------+--------+--------+--------+-----+--------+
         Total |  14208 |  13728 |    480 |    310 |   9375 |  17 |  835.8 |
       Dungeon |  11131 |  10734 |    397 |    293 |   7799 |  10 | 1113.1 |
        Temple |      1 |      1 |      0 |      0 |      0 |   1 |    1.0 |
          Lair |   1978 |   1896 |     82 |     17 |   1074 |   3 |  659.3 |
         Sewer |    169 |    169 |      0 |      0 |     97 |   1 |  169.0 |
       Ossuary |    514 |    514 |      0 |      0 |    153 |   1 |  514.0 |
        Bailey |    413 |    413 |      0 |      0 |    252 |   1 |  413.0 |
               +--------+--------+--------+--------+--------+-----+--------+

Top non-repeatable levels by time:
     D:9: 1849 daAuts
     D:8: 1568 daAuts
    D:10: 1469 daAuts
     D:6: 1071 daAuts
  Lair:1: 1028 daAuts
     D:3: 1023 daAuts
     D:4: 1016 daAuts
     D:5: 967 daAuts
     D:7: 856 daAuts
     D:1: 762 daAuts
  Lair:2: 699 daAuts
     D:2: 546 daAuts
 Ossuary: 514 daAuts
  Bailey: 413 daAuts
  Lair:3: 250 daAuts
